 Dungeon Crawl Stone Soup version 0.27.1-34-g3ba077fa99 (webtiles) character file.

Game seed: 161609847317673009

472 Delamore the Covert (level 7, -4/45 HPs)
             Began as an Octopode Brigand on Feb 13, 2022.
             Slain by a phantom (8 damage)
             ... on level 5 of the Dungeon.
             The game lasted 00:04:26 (5025 turns).

Delamore the Covert (Octopode Brigand)              Turns: 5025, Time: 00:04:27

Health: -4/45      AC:  1    Str: 10    XL:     7   Next: 9%
Magic:  7/7        EV: 12    Int: 14    God:
Gold:   83         SH:  0    Dex: 15    Spells: 6/6 levels left

rFire    . . .     SeeInvis .   a - +2 dagger
rCold    . . .     Faith    .   (no shield)
rNeg     . . .     Spirit   .   (helmet restricted)
rPois    .         Reflect  .   p - amulet of the acrobat
rElec    .         Harm     .   j - ring of flight
rCorr    .         Rampage  .   (no ring)
Will     .....                  (no ring)
Stlth    +++++.....             (no ring)
HPRegen  0.15/turn              (no ring)
MPRegen  0.10/turn              (no ring)
                                (no ring)
                                (no ring)

@: flying
A: almost no armour, amphibious, 8 rings, camouflage 1, gelatinous body 1,
(nimble swimmer 1), tentacles
a: no special abilities


You were on level 5 of the Dungeon.
You visited 1 branch of the dungeon, and saw 5 of its levels.

You collected 179 gold pieces.
You spent 96 gold pieces at shops.

Inventory:

Hand Weapons
 a - a +2 dagger (weapon)
 c - a +2 short sword of venom
Missiles
 b - 59 poisoned darts (quivered)
 s - a throwing net
 t - 2 curare-tipped darts
Armour
 k - a +0 kite shield
Jewellery
 j - a ring of flight (left tentacle)
 p - an amulet of the acrobat (around mantle)
Scrolls
 d - a scroll of noise
 e - a scroll of vulnerability
 g - a scroll of enchant weapon
 l - a scroll of fear
 m - 2 scrolls of blinking {unknown}
 n - a scroll of amnesia
 o - a scroll of enchant armour {unknown}
 q - a scroll of magic mapping
 r - a scroll of fog {unknown}
 v - a scroll of immolation {unknown}
Potions
 f - a potion of brilliance {unknown}
 h - a potion of invisibility {unknown}
 u - a potion of might {unknown}
 x - a potion of haste {unknown}


   Skills:
 - Level 2.0 Fighting
 + Level 4.1 Short Blades
 + Level 3.7 Throwing
 - Level 1.0 Dodging
 * Level 9.2 Stealth


You had 6 spell levels left.
You didn't know any spells.
Your spell library contained the following spells:

 Spells                   Type           Power      Damage    Failure   Level
 Animate Dead             Necr           0%         N/A       96%         4
 Blade Hands              Tmut           0%         N/A       100%        5
 Irradiate                Conj/Tmut      0%         3d13      100%        5
 Dragon Form              Tmut           0%         N/A       100%        7
 Haunt                    Necr/Summ      0%         N/A       100%        7
 Infestation              Necr           0%         N/A       100%        8


Dungeon Overview and Level Annotations

Branches:
Dungeon (5/15)
 Temple: D:4-7

Altars:

Shops:
D:3 !


Innate Abilities, Weirdness & Mutations

You cannot wear most types of armour.
You are amphibious.
You can wear up to eight rings at the same time.
Your skin changes colour to match your surroundings (Stealth+).
Your rubbery body absorbs attacks. (AC +1, EV +1)
((You are camouflaged near water. (Stealth+)))
You have tentacles for arms and can constrict up to eight enemies at once.


Message History

A scorpion comes into view.
You closely miss the phantom.
The phantom is heavily damaged.
The phantom closely misses you.
You hit the phantom. Your squeeze misses the phantom.
The phantom is heavily damaged.
The phantom closely misses you.
You hit the phantom. Your squeeze misses the phantom.
The phantom is severely damaged.
The phantom closely misses you.
You barely miss the phantom.
The phantom is severely damaged.
You hit the phantom but do no damage.
The phantom is severely damaged.
The phantom hits you.
You hit the phantom but do no damage.
The phantom is severely damaged.
The phantom hits you!
The phantom blinks!
You blink.
You hit the phantom but do no damage.
The phantom is severely damaged.
The phantom hits you.
* * * LOW HITPOINT WARNING * * *
You hit the phantom. Your squeeze misses the phantom.
The phantom is severely damaged.
The phantom barely misses you.
You closely miss the phantom.
The phantom is severely damaged.
You hit the phantom.
The phantom is severely damaged.
The phantom hits you.
* * * LOW HITPOINT WARNING * * *
You barely miss the phantom.
The phantom is severely damaged.
The phantom hits you.
* * * LOW HITPOINT WARNING * * *
The phantom blinks!
You blink.
You hit the phantom but do no damage.
The phantom is severely damaged.
The phantom hits you!
You die...

##. ..## ...###
## .....##
#.#....... .#
##........# .#
###..W......#
..###....@......#
...............#
.....#.s......#
##...#.........
#.............
#<...§.....###
##...§.....##
#..........#
#....##....#


You could see a phantom and a scorpion.

Vanquished Creatures
  An ogre (D:4)
  A kobold brigand (D:4)
  A phantom (D:4)
  A jelly (D:4)
  Jessica (D:3)
  Natasha (D:3)
  Robin (D:3)
  3 gnolls (D:4)
  3 adders
  An ufetubus (D:4)
  A worm (D:2)
  2 dart slugs
  An orc (D:4)
  2 ball pythons
  7 endoplasms
  5 giant cockroaches
  6 hobgoblins
  8 jackals
  5 kobolds
  2 quokkas (D:1)
  5 bats
  4 frilled lizards
  22 goblins
  5 rats
89 creatures vanquished.

Notes
Turn   | Place    | Note
-------+----------+-------------------------------------------
     0 | D:1      | Delamore the Octopode Brigand began the quest for the Orb.
     0 | D:1      | Reached XP level 1. HP: 14/14 MP: 1/1
   149 | D:1      | Reached XP level 2. HP: 6/19 MP: 2/2
   164 | D:1      | Reached skill level 6 in Stealth
   691 | D:1      | Found a faded altar of an unknown god.
   737 | D:1      | You fall into a shaft and drop 1 floor!
   750 | D:2      | Reached XP level 3. HP: 24/24 MP: 3/3
  1295 | D:2      | Reached XP level 4. HP: 29/29 MP: 4/4
  1742 | D:3      | Reached skill level 7 in Stealth
  2019 | D:3      | Noticed Robin
  2021 | D:3      | Noticed Natasha
  3008 | D:3      | Killed Robin
  3139 | D:3      | Killed Natasha
  3140 | D:3      | Reached XP level 5. HP: 30/34 MP: 5/5
  3354 | D:3      | Found Uckakurgh's Distillery.
  3364 | D:3      | Noticed Jessica
  3378 | D:3      | Killed Jessica
  3395 | D:3      | Bought a potion of heal wounds for 60 gold pieces
  3395 | D:3      | Bought a potion of curing for 36 gold pieces
  3419 | D:4      | Noticed a phantom
  3437 | D:4      | Killed a phantom
  3438 | D:4      | Reached skill level 8 in Stealth
  3438 | D:4      | Reached XP level 6. HP: 15/39 MP: 6/6
  3977 | D:4      | Reached skill level 9 in Stealth
  4635 | D:4      | Reached XP level 7. HP: 42/45 MP: 7/7
  4827 | D:5      | Entered Level 5 of the Dungeon
  5025 | D:5      | Slain by a phantom

Illustrated notes

Levels and vault maps discovered:
D:1:      saegor_arrival_simple_b, layout_rooms,
          chequers_ecumenical_altar_twisty, minmay_pentomino_x2
D:2:      layout_basic
D:3:      layout_loops_ring, serial_shops, nicolae_shop_window_shopping,
          uniq_robin, uniq_natasha, uniq_jessica
D:4:      layout_basic, minmay_puff
D:5:      layout_layer_cave, mainiacjoe_overflow_24_doors, serial_shops,
          shop_coins, minmay_misc_feat_four_crosses

Skill      XL: |  1  2  3  4  5  6 |
---------------+-------------------+-----
Stealth        | 6 7 8 9 |  9.2
Short Blades   | 3 4 |  4.1
Throwing       | 3 |  3.7
Fighting       | |  2.0
Dodging        | |  1.0

Action                   |  1- 3 |  4- 6 |  7- 9 || total
-------------------------+-------+-------+-------++-------
Melee: Dagger            |    63 |    72 |    17 ||   152
       Constrict         |    17 |    17 |     2 ||    36
       Tentacles         |     9 |    21 |     3 ||    33
       Short sword       |       |    39 |     7 ||    46
Throw: Dart              |       |     3 |     5 ||     8
       Throwing net      |       |     1 |       ||     1
  Use: Scroll            |     3 |     4 |     1 ||     8
       Potion            |       |     1 |     1 ||     2
 Stab: Sleeping          |    10 |    20 |       ||    30
       Held in net/web   |       |     1 |       ||     1
Armor: Skin              |     2 |     8 |     2 ||    12
Dodge: Dodged            |    37 |    56 |    21 ||   114
